 Dungeon Crawl Stone Soup version 0.31-a0-640-g39d97e502b (webtiles) character file.

Game seed: 2644949566424599321

136 FIREandBLOOD the Vexing (level 4, 0/25 HPs)
             Began as a Deep Elf Hexslinger on Aug 29, 2023.
             Slain by Crazy Yiuf
             ... wielding a +4 quarterstaff of chaos
              (8 damage)
             ... on level 3 of the Dungeon.
             The game lasted 00:31:31 (2677 turns).

FIREandBLOOD the Vexing (Deep Elf Hexslinger)       Turns: 2677, Time: 00:31:32

Health: 0/25       AC:  3    Str:  5    XL:     4   Next: 98%
Magic:  10/10      EV: 13    Int: 20    God:
Gold:   177        SH:  0    Dex: 17    Spells: 5/9 levels left

rFire   . . .        a - +1 sling
rCold   . . .        (no shield)
rNeg    . . .        c - +0 robe
rPois   .            (no helmet)
rElec   .            (no cloak)
rCorr   .            t - +0 pair of gloves
SInv    .            (no boots)
Will    .....        (no amulet)
Stlth   ++           (no ring)
HPRegen 0.24/turn    (no ring)
MPRegen 0.12/turn

%: no passive effects
@: no status effects
A: no striking features
a: no special abilities


You were on level 3 of the Dungeon.
You visited 1 branch of the dungeon, and saw 3 of its levels.

You collected 177 gold pieces.

Inventory:

Hand Weapons
 a - a +1 sling (weapon)
 j - a +0 dagger of draining
 p - a +1 hand axe of electrocution
Missiles
 d - 9 poisoned darts
 q - a throwing net
 r - 6 curare-tipped darts
Armour
 c - a +0 robe (worn)
 t - a +0 pair of gloves (worn)
Scrolls
 b - 2 scrolls of poison
 e - 4 scrolls of identify {unknown}
 i - a scroll of noise {unknown}
 k - 2 scrolls of teleportation {unknown}
 s - a scroll of fog {unknown}
 u - a scroll of silence {unknown}
 w - a scroll of amnesia {unknown}
Potions
 f - 2 potions of attraction {unknown}
 g - a potion of invisibility {unknown}
 h - a potion of lignification {unknown}
 l - a potion of curing {unknown}
 m - a potion of mutation {unknown}
 n - a potion of heal wounds {unknown}
 o - a potion of cancellation {unknown}
 v - a potion of brilliance {unknown}


   Skills:
 - Level 1.0 Fighting
 - Level 4.0 Ranged Weapons
 - Level 3.1 Dodging
 - Level 3.0 Spellcasting
 + Level 4.6 Hexes
 + Level 2.5 Fire Magic


You had 5 spell levels left.
You knew the following spells:

 Your Spells              Type           Power      Damage    Failure   Level
a - Slow                  Hex            84%        N/A       1%          1
b - Inner Flame           Hex/Fire       17%        N/A       10%         3

Your spell library contained the following spells:

 Spells                   Type           Power      Damage    Failure   Level
 Portal Projectile        Hex/Tloc       24%        N/A       16%         3
 Cause Fear               Hex            10%        N/A       21%         4
 Sublimation of Blood     Necr           3%         N/A       22%         2
 Petrify                  Tmut/Erth      3%         N/A       80%         4
 Irradiate                Conj/Tmut      1%         3d12      98%         5


Dungeon Overview and Level Annotations

Branches:
Dungeon (3/15)

Altars:

Shops:
D:3 [

Annotations:
D:3 Crazy Yiuf


Message History

Fire: a) +1 sling
Press: ? - help, Q - select action, (/) - cycle Shift-Dir - straight line, f - kobold
Aim: a kobold, wielding a +0 short sword and quivering stones (wandering, hasn't noticed you, 53% to hit)
You shoot a sling bullet. The kobold shouts!
The sling bullet hits the kobold.
The kobold is severely wounded.
The kobold throws a stone.
The stone misses you.
Fire: a) +1 sling
Press: ? - help, Q - select action, (/) - cycle Shift-Dir - straight line, f/p - kobold
Aim: a kobold, wielding a +0 short sword and quivering stones (severely wounded, 53% to hit)
You shoot a sling bullet.
The sling bullet closely misses the kobold.
Fire: a) +1 sling
Press: ? - help, Q - select action, (/) - cycle Shift-Dir - straight line, f/p - kobold
Aim: a kobold, wielding a +0 short sword and quivering stones (severely wounded, 53% to hit)
You shoot a sling bullet. The sling bullet hits the kobold!
You kill the kobold!
e - 3 scrolls labelled JIRIN EBLOM (gained 1)
Found a stone staircase leading down.
e - 4 scrolls labelled JIRIN EBLOM (gained 1)
There is a stone staircase leading down here.
There is an escape hatch in the ceiling here.
There is an escape hatch in the ceiling here.
Found a hammer.
Found a runed translucent door.
Crazy Yiuf says, "Ghoul!
Spliff fast infinity."
Okay, then.
What are your orders? t - Shout!
Orders for allies: a - Attack new target. r - Retreat! s - Stop attacking. g - Guard the area. f - Follow me.
Anything else - Cancel.
Okay, then.
You open the door. Crazy Yiuf attacks as he pursues you!
Crazy Yiuf hits you with a +4 quarterstaff of chaos!
Ouch! That really hurt!
Crazy Yiuf burns you!
You die...

.........####.##########.#....##.
.#............................##.
........##################.##.###
.#####.## #.##.# .# #..# #.##.#
.# #### ### ♣♣####.##.###
.####### #)..#♣♣ ♣♣............
.......## #...'g♣♣♣♣.P.....######
#####...# #...#♣@.♣.P....#.######
##....#.# ### ♣♣♣.♣.P..##....##.
##.##...# ♣♣♣♣♣#######.#..
##.###.## #.... ...# #.# #####
### ###.. #### #.# ##...## #.#
##. ## #.# ##.....###.# ##
.#####.####.......##.# #
...................<.#


You could see Crazy Yiuf.

Vanquished Creatures
  Terence (D:3)
  An adder (D:3)
  3 gnolls (D:2)
  A worm (D:2)
  3 dart slugs (D:2)
  An orc (D:3)
  4 bats
  8 endoplasms
  10 goblins
  3 hobgoblins
  3 jackals (D:1)
  3 quokkas
  4 ball pythons
  2 frilled lizards (D:2)
  7 kobolds
  5 rats
59 creatures vanquished.

Notes
Turn   | Place    | Note
-------+----------+-------------------------------------------
     0 | D:1      | FIREandBLOOD the Deep Elf Hexslinger began the quest for
                  | the Orb.
     0 | D:1      | Reached XP level 1. HP: 11/11 MP: 5/5
   250 | D:1      | Reached skill level 1 in Fighting
   293 | D:1      | Reached XP level 2. HP: 16/16 MP: 6/6
   805 | D:1      | Reached XP level 3. HP: 20/20 MP: 9/9
  1107 | D:2      | Learned a level 3 spell: Inner Flame
  1324 | D:2      | Reached skill level 1 in Fire Magic
  1540 | D:2      | Reached XP level 4. HP: 25/25 MP: 10/10
  1938 | D:3      | Found Ossoupt's Antique Armour Shop.
  2138 | D:3      | Noticed Terence
  2273 | D:3      | Killed Terence
  2660 | D:3      | Found a runed translucent door.
  2661 | D:3      | Noticed Crazy Yiuf
  2677 | D:3      | Slain by Crazy Yiuf

Illustrated notes

Levels and vault maps discovered:
D:1:      kilobyte_arrival_exit_the_forest, layout_basic
D:2:      layout_basic
D:3:      layout_loops_ring, serial_shops, shop, uniq_crazy_yiuf_cottage,
          uniq_terence

Skill      XL: |  1  2  3  4 |
---------------+-------------+-----
Fighting       | 1 |  1.0
Ranged Weapons | 3 4 |  4.0
Spellcasting   | 2 3 |  3.0
Dodging        | 3 |  3.1
Fire Magic     | 1 2 |  2.5
Hexes          | |  4.6

Action                     |  1- 3 |  4- 6 || total
---------------------------+-------+-------++-------
   Fire: Sling             |   114 |    75 ||   189
   Cast: Slow              |    14 |    17 ||    31
 Armour: Robe              |     8 |     1 ||     9
  Dodge: Dodged            |    33 |    20 ||    53

Table legend: (Time is in decaauts)
 A = Elapsed time spent in this place.
 B = Non-inter-level travel time spent in this place.
 C = Inter-level travel time spent in this place.
 D = Time resting spent in this place.
 E = Time spent auto-exploring this place.
 F = Levels seen in this place.
 G = Mean time per level.
                   A        B        C        D        E       F      G
               +--------+--------+--------+--------+--------+-----+--------+
         Total |   2733 |   2670 |     63 |    194 |   1161 |   3 |  911.0 |
       Dungeon |   2733 |   2670 |     63 |    194 |   1161 |   3 |  911.0 |
               +--------+--------+--------+--------+--------+-----+--------+

Top non-repeatable levels by time:
     D:1: 1151 daAuts
     D:3: 967 daAuts
     D:2: 614 daAuts
